[Event "TUR-ch Youth U14 2019"]
[Site "Belek"]
[Date "2019.01.20"]
[Round "1"]
[White "Danaci, Ege"]
[Black "Akcaoglu, Mertcan"]
[Result "1-0"]
[ECO "C55"]
[WhiteElo "2143"]
[BlackElo "1158"]
[Annotator "ChessBase"]
[PlyCount "127"]
[EventDate "2019.01.20"]
[EventType "swiss"]
[EventCountry "TUR"]
[SourceTitle "playchess.com"]
[Source "ChessBase"]
[SourceQuality "1"]
[TimeControl "5400+30"]

1. e4 e5 2. Nf3 Nc6 3. Bc4 Be7 4. O-O Nf6 5. d3 h6 6. a4 d6 7. Re1 a6 8. Nbd2 O-O 9. c3 Be6 10. Ba2 Qd7 11. d4 Bxa2 12. Rxa2 Qg4 13. d5 Nd8 14. h3 Qh5 15. Nf1 Qg6 16. Ng3 Qh7 17. Qd3 Nd7 18. Nf5 Bf6 19. Qc4 Rc8 20. Nxd6 Nb6 21. Qb3 Rb8 22. Nf5 Nc8 23. Qc4 c6 24. d6 Nb6 25. Qe2 Ne6 26. b3 Nd7 27. Be3 Kh8 28. a5 Rg8 29. Nd2 Qg6 30. Nc4 Ng5 31. Bxg5 Qxg5 32. h4 Qg6 33. Rd1 Rge8 34. Rad2 Rbd8 35. Ne7 Bxe7 36. dxe7 Rxe7 37. h5 Qg5 38. Nb6 g6 39. Rxd7 Rexd7 40. Rxd7 Rg8 41. Rxf7 gxh5 42. Qf3 h4 43. Qf6+ Qxf6 44. Rxf6 Kh7 45. Rf7+ Kg6 46. Rxb7 Kg5 47. Rc7 Kf4 48. Rxc6 h3 49. g3+ Kg4 50. Rxh6 Rd8 51. Nd5 Kf3 52. Rxh3 Kxe4 53. c4 Rb8 54. g4 Rg8 55. Nf6+ Kf4 56. Nxg8 Kxg4 57. Rd3 Kf4 58. c5 e4 59. Rd4 Ke5 60. Rd1 Ke6 61. c6 Kf7 62. c7 Kxg8 63. Rd7 Kf8 64. c8=R# 1-0

[Event "TUR-ch Youth U14 2019"]
[Site "Belek"]
[Date "2019.01.20"]
[Round "1"]
[White "Caberoglu, Arda"]
[Black "Aydemir, Yusuf"]
[Result "1-0"]
[ECO "C45"]
[WhiteElo "1962"]
[BlackElo "1107"]
[Annotator "NA"]
[PlyCount "109"]
[EventDate "2019.01.20"]
[EventType "swiss"]
[EventCountry "TUR"]
[SourceTitle "playchess.com"]
[Source "ChessBase"]
[SourceQuality "1"]
[TimeControl "5400+30"]

1. e4 e5 2. Nf3 Nc6 3. Nc3 Nf6 4. d4 exd4 5. Nxd4 Nxd4 6. Qxd4 d6 7. f3 Be6 8. Be3 Be7 9. Be2 O-O 10. O-O-O c5 11. Qd2 a6 12. Bf4 Ne8 13. g4 b5 14. g5 b4 15. Nd5 Bxd5 16. Qxd5 Nc7 17. Qd2 Ne6 18. h4 Nd4 19. Be3 Qa5 20. Bxd4 Qxa2 21. b3 cxd4 22. Qxd4 Rfc8 23. Qb2 Qa5 24. Bc4 Qb6 25. Qd4 Qc7 26. Rd2 a5 27. Bb5 Rab8 28. Ba4 Rb6 29. f4 Qc3 30. Qxc3 Rxc3 31. Rd3 Rxd3 32. cxd3 Rb7 33. Kd2 f6 34. Rc1 fxg5 35. Bc6 Rb8 36. Bd5+ Kf8 37. fxg5 h6 38. Rf1+ Ke8 39. g6 Bxh4 40. Rf7 Bf6 41. Rxf6 gxf6 42. g7 Ke7 43. g8=Q Rxg8 44. Bxg8 Kf8 45. Bd5 Kg7 46. Ke3 Kg6 47. Kf4 h5 48. Bc6 Kf7 49. Kf5 Ke7 50. Bd5 h4 51. Kg4 Kd7 52. Kxh4 Ke7 53. Kg4 Kf8 54. Kf5 Ke7 55. Bc4 1-0

[Event "TUR-ch Youth U14 2019"]
[Site "Belek"]
[Date "2019.01.20"]
[Round "1"]
[White "Kara, Gulce Nehir"]
[Black "Onel, Nazire Yagmur"]
[Result "1-0"]
[ECO "B51"]
[WhiteElo "1702"]
[BlackElo "1209"]
[Annotator "NA"]
[PlyCount "145"]
[EventDate "2019.01.20"]
[EventType "swiss"]
[EventCountry "TUR"]
[SourceTitle "playchess.com"]
[Source "ChessBase"]
[SourceQuality "1"]
[TimeControl "5400+30"]

1. e4 c5 2. Nf3 Nc6 3. Bb5 g6 4. O-O d6 5. c3 Bd7 6. d4 a6 7. Ba4 Bg7 8. Re1 b5 9. Bb3 cxd4 10. cxd4 Rc8 11. h3 Na5 12. Bc2 Bc6 13. Qe2 Nf6 14. Bf4 O-O 15. Nbd2 Bb7 16. Bd3 Nd7 17. a4 Nc6 18. axb5 axb5 19. Bxb5 Nxd4 20. Nxd4 Bxd4 21. Nf3 Bg7 22. Rab1 Nc5 23. Nd2 Bc6 24. Bxc6 Rxc6 25. Rec1 Qd7 26. Be3 Rfc8 27. f3 Qb7 28. Nc4 Qa6 29. b4 Nb3 30. Rxb3 Rxc4 31. Kh2 Qb5 32. f4 d5 33. exd5 Qxd5 34. Rd3 Qe6 35. Rxc4 Rxc4 36. Qa2 Rc8 37. Qb1 h5 38. b5 Rb8 39. b6 Rb7 40. Qb5 Qc8 41. Ra3 e6 42. Ra7 Bf8 43. Qa6 Rb8 44. Qxc8 Rxc8 45. Rc7 Rb8 46. b7 Bd6 47. Rd7 Bb4 48. Ba7 Rxb7 49. Rxb7 Bd6 50. g3 Kg7 51. Bd4+ Kh6 52. Rxf7 e5 53. fxe5 Bxe5 54. Bxe5 g5 55. h4 g4 56. Kg2 Kg6 57. Rf6+ Kg7 58. Kf2 Kh7 59. Ke3 Kg7 60. Kf4 Kh7 61. Kg5 Kg7 62. Rf5+ Kh7 63. Rf7+ Kg8 64. Ra7 Kf8 65. Kg6 Ke8 66. Kf6 Kd8 67. Ke6 Kc8 68. Rh7 Kd8 69. Bf6+ Kc8 70. Kd6 Kb8 71. Kc6 Ka8 72. Kb6 Kb8 73. Rh8# 1-0

[Event "TUR-ch Youth U14 2019"]
[Site "Belek"]
[Date "2019.01.20"]
[Round "1"]
[White "Tikvesli, Ceylin"]
[Black "Eken, Eylul"]
[Result "1-0"]
[ECO "C44"]
[WhiteElo "1677"]
[BlackElo "1069"]
[Annotator "NA"]
[PlyCount "107"]
[EventDate "2019.01.20"]
[EventType "swiss"]
[EventCountry "TUR"]
[SourceTitle "playchess.com"]
[Source "ChessBase"]
[SourceQuality "1"]
[TimeControl "5400+30"]

1. e4 e5 2. Nf3 Nc6 3. d4 f6 4. Bc4 d6 5. Nc3 Nge7 6. h3 g6 7. O-O Bg7 8. a3 f5 9. Ng5 h6 10. Nf7 Qd7 11. Nxh8 Bxh8 12. d5 Nd8 13. Bxh6 f4 14. Bg5 a6 15. Be2 Nf7 16. Bg4 Qd8 17. Bxe7 Qxe7 18. Bxc8 Rxc8 19. Qg4 Rd8 20. Qxg6 Bf6 21. g3 Bg5 22. Qe6 Kf8 23. Qxe7+ Kxe7 24. h4 Bh6 25. g4 f3 26. g5 Rg8 27. Kh2 Bxg5 28. hxg5 Nxg5 29. Rh1 Rh8+ 30. Kg1 Nh3+ 31. Kf1 Kf6 32. Ke1 Kg7 33. Kd2 Kf6 34. Ke3 Kg7 35. Rh2 Ng5 36. Rxh8 Kxh8 37. Rg1 Nf7 38. Kxf3 Kh7 39. Kg4 Kg6 40. Ne2 Kf6 41. Rh1 Kg6 42. f4 Nh6+ 43. Rxh6+ Kxh6 44. f5 c5 45. Ng3 b5 46. b3 a5 47. a4 bxa4 48. bxa4 Kh7 49. Kg5 Kg7 50. Nh5+ Kf7 51. f6 c4 52. c3 Kg8 53. Kg6 Kh8 54. Ng7 1-0

[Event "TUR-ch Youth U14 2019"]
[Site "Belek"]
[Date "2019.01.20"]
[Round "1"]
[White "Kir, Mehmet Metehan"]
[Black "Bicer, Atakan Mert"]
[Result "0-1"]
[ECO "B18"]
[WhiteElo "1283"]
[BlackElo "1854"]
[Annotator "NA"]
[PlyCount "84"]
[EventDate "2019.01.20"]
[EventType "swiss"]
[EventCountry "TUR"]
[SourceTitle "playchess.com"]
[Source "ChessBase"]
[SourceQuality "1"]
[TimeControl "5400+30"]

1. e4 c6 2. d4 d5 3. Nc3 dxe4 4. Nxe4 Bf5 5. Nc3 Nf6 6. Nf3 e6 7. Bd3 Bg6 8. Be3 Bd6 9. Ne5 Nbd7 10. Nc4 Bc7 11. Bxg6 hxg6 12. h3 Nd5 13. Qd3 b5 14. Nxd5 cxd5 15. Nd2 a6 16. Nb3 Qf6 17. O-O-O Nb6 18. Nc5 Nc4 19. b3 Nd6 20. Rhe1 Bb6 21. Kb1 Rh4 22. Re2 Ra7 23. Bc1 Kf8 24. Qg3 Nf5 25. Qb8+ Qd8 26. Qxd8+ Bxd8 27. c3 b4 28. Kb2 bxc3+ 29. Kxc3 Bf6 30. f4 g5 31. Rf2 Rc7 32. b4 g4 33. hxg4 Rxg4 34. Rd3 g5 35. Be3 Bg7 36. Bc1 Rc8 37. Be3 Ke7 38. Bc1 a5 39. a3 Rh8 40. Nb3 axb4+ 41. axb4 Nd6 42. g3 Ne4+ 0-1

[Event "TUR-ch Youth U14 2019"]
[Site "Belek"]
[Date "2019.01.20"]
[Round "1"]
[White "Ter, Mustafa Baray"]
[Black "Guler, Muhammed Talha"]
[Result "0-1"]
[ECO "C01"]
[WhiteElo "1281"]
[BlackElo "1816"]
[Annotator "NA"]
[PlyCount "40"]
[EventDate "2019.01.20"]
[EventType "swiss"]
[EventCountry "TUR"]
[SourceTitle "playchess.com"]
[Source "ChessBase"]
[SourceQuality "1"]
[TimeControl "5400+30"]

1. e4 e6 2. d4 d5 3. exd5 exd5 4. c4 Nf6 5. Nc3 Bb4 6. Nf3 O-O 7. Be2 dxc4 8. Bxc4 Bg4 9. Qb3 Nc6 10. d5 Bxf3 11. gxf3 Bxc3+ 12. bxc3 Na5 13. Qb4 Nxc4 14. Qxc4 Qxd5 15. Qe2 Rfe8 16. Be3 Qe5 17. O-O Nd5 18. Qd2 Nxe3 19. Rfe1 Qg5+ 20. Kh1 Qg2# 0-1

[Event "TUR-ch Youth U14 2019"]
[Site "Belek"]
[Date "2019.01.20"]
[Round "1"]
[White "Haktanirlar, Zeren"]
[Black "Ince, Safiye Oyku"]
[Result "0-1"]
[ECO "B40"]
[WhiteElo "1240"]
[BlackElo "1870"]
[Annotator "NA"]
[PlyCount "108"]
[EventDate "2019.01.20"]
[EventType "swiss"]
[EventCountry "TUR"]
[SourceTitle "playchess.com"]
[Source "ChessBase"]
[SourceQuality "1"]
[TimeControl "5400+30"]

1. e4 c5 2. Nf3 e6 3. b3 d5 4. exd5 exd5 5. Bb5+ Nc6 6. Qe2+ Qe7 7. Ne5 Bd7 8. Bxc6 Bxc6 9. Nxc6 bxc6 10. Bb2 Qxe2+ 11. Kxe2 Rb8 12. Re1 f6 13. Nc3 Nh6 14. f4 Nf5 15. Na4 Bd6 16. Kf3+ Kf7 17. g3 h5 18. h4 Rhg8 19. Rh1 Rge8 20. Rae1 Rxe1 21. Rxe1 Rg8 22. Rh1 Re8 23. Bc3 Kg6 24. Bb2 Kh6 25. Rg1 Re6 26. Rh1 g5 27. hxg5+ fxg5 28. fxg5+ Kxg5 29. Rg1 Re4 30. Bc1 Nd4+ 31. Kf2 Re2+ 32. Kf1 Rh2 33. d3+ Kg4 34. Be3 Rxc2 35. Bxd4 cxd4 36. Rg2 Rc1+ 37. Kf2 Ra1 38. Ke2 Rxa2+ 39. Kf1 Rxg2 40. Kxg2 Bxg3 41. Nc5 h4 42. Ne6 h3+ 43. Kh1 Bf2 44. Nc5 Bh4 45. Kh2 Bg3+ 46. Kh1 Bd6 47. Nb7 Bc7 48. Nc5 Bb6 49. Nd7 Kg3 50. b4 Kf2 51. Kh2 Ke3 52. Kxh3 Kxd3 53. Ne5+ Kc3 54. Kg3 Bc7 0-1

[Event "TUR-ch Youth U14 2019"]
[Site "Belek"]
[Date "2019.01.20"]
[Round "1"]
[White "Caglayan, Ezgisu"]
[Black "Tokat, Nehir"]
[Result "0-1"]
[ECO "A40"]
[WhiteElo "1199"]
[BlackElo "1665"]
[Annotator "NA"]
[PlyCount "82"]
[EventDate "2019.01.20"]
[EventType "swiss"]
[EventCountry "TUR"]
[SourceTitle "playchess.com"]
[Source "ChessBase"]
[SourceQuality "1"]
[TimeControl "5400+30"]

1. d4 g6 2. f4 Bg7 3. e3 d6 4. Nf3 Nd7 5. Bd3 e5 6. fxe5 dxe5 7. c3 Qe7 8. dxe5 Nxe5 9. Nxe5 Qxe5 10. O-O Nf6 11. Qa4+ c6 12. Qf4 Qe7 13. Bc4 O-O 14. Nd2 Bf5 15. Nb3 b5 16. Be2 Nd5 17. Qf3 Bh6 18. Nd4 Bxe3+ 19. Bxe3 Qxe3+ 20. Qxe3 Nxe3 21. Rf2 Rac8 22. Re1 Rfe8 23. Nxc6 Ng4 24. Rxf5 gxf5 25. Nd4 b4 26. Nxf5 Rc5 27. Nd4 bxc3 28. bxc3 Rxc3 29. h3 Nf6 30. Kf1 Re4 31. Nb5 Rce3 32. Nxa7 Nd5 33. Rd1 Rxe2 34. Rxd5 Rxa2 35. Nb5 Rb4 36. Nc3 Rc2 37. Ne2 f6 38. Rf5 Rb1+ 39. Kf2 Rbb2 40. Rxf6 Rxe2+ 41. Kf3 Rf2+ 0-1

[Event "TUR-ch Youth U14 2019"]
[Site "Belek"]
[Date "2019.01.21"]
[Round "2"]
[White "Ince, Safiye Oyku"]
[Black "Cengel, Edibe Eylul"]
[Result "1-0"]
[ECO "B47"]
[WhiteElo "1870"]
[BlackElo "1359"]
[Annotator "NA RC"]
[PlyCount "69"]
[EventDate "2019.01.20"]
[EventType "swiss"]
[EventCountry "TUR"]
[SourceTitle "playchess.com"]
[Source "ChessBase"]
[SourceQuality "1"]
[TimeControl "5400+30"]

1. e4 c5 2. Nf3 e6 3. d4 cxd4 4. Nxd4 Nc6 5. Nc3 Qc7 6. g3 a6 7. Bg2 Nf6 8. O-O h5 {[%emt 0:00:30] B47: Sicilian: Taimanov: 5 Nc3 Qc7 6 f4, 6 g3 and 6 Be2} (8... Be7 9. Re1 O-O 10. Nxc6 dxc6 11. e5 Rd8 12. Qe2 Nd5 {½-½ (12) Mamedov,R (2708)-Andreikin,D (2702) Minsk 2018}) 9. h3 h4 10. g4 {[%emt 0:02:30] LiveBook: 5 Games} Bc5 11. Nxc6 bxc6 $146 ({Predecessor:} 11... dxc6 12. Qd3 e5 13. Be3 Bxe3 14. Qxe3 Be6 15. Rfd1 Nd7 16. Rd2 {1-0 (36) Vartopeanu,N (1849)-Miulescu,G (2161) Baile Olanesti 2013}) 12. Ne2 a5 13. Bf4 e5 14. Bg5 Rb8 15. b3 d6 16. Bxf6 gxf6 17. Kh1 Ke7 18. f4 Bd7 19. Qd3 Be6 20. c4 Rbg8 21. a3 Rh6 22. b4 axb4 23. axb4 Bxb4 24. fxe5 Bc5 25. exf6+ Rxf6 26. Rxf6 Kxf6 27. Rf1+ Ke7 28. Qc3 Qd8 (28... Qa7 $1 $14) 29. Nf4 Kd7 30. Rb1 Qc8 (30... Qa8 $16) 31. Nd3 Be3 32. c5 (32. e5 $142) 32... d5 $18 (32... Bxc5 33. Nxc5+ dxc5 34. Rd1+ (34. Qxc5 Rd8 $16) 34... Ke8 35. Qxc5 Bd7) 33. Ne5+ Ke7 34. Qxe3 f6 35. Nxc6+ 1-0

[Event "TUR-ch Youth U14 2019"]
[Site "Belek"]
[Date "2019.01.21"]
[Round "2"]
[White "Bicer, Atakan Mert"]
[Black "Genc, Ugur Can"]
[Result "1-0"]
[ECO "D10"]
[WhiteElo "1854"]
[BlackElo "1532"]
[Annotator "NA RC"]
[PlyCount "59"]
[EventDate "2019.01.20"]
[EventType "swiss"]
[EventCountry "TUR"]
[SourceTitle "playchess.com"]
[Source "ChessBase"]
[SourceQuality "1"]
[TimeControl "5400+30"]

1. d4 c5 2. c3 cxd4 3. cxd4 d5 4. Nc3 Nf6 5. Bg5 Nc6 6. e3 {[%emt 0:00:30] D10: Slav Defence: 3 cxd5 (without early Nf3) and 3 Nc3} (6. Bxf6 gxf6 7. e3 a6 8. Rc1 Bf5 9. Bd3 Bg6 10. f4 f5 11. h4 h5 12. Nf3 e6 13. Na4 f6 {½-½ (39) Grischuk,A (2761)-Carlsen,M (2832) Paris 2017}) 6... e6 7. Bd3 h6 8. Bh4 Qb6 9. Nge2 Qxb2 $146 ({Predecessor:} 9... Bd7 10. O-O Na5 11. f3 Rc8 12. b3 Bb4 13. Rc1 a6 14. Kh1 Ba3 15. Rc2 Nc6 16. Na4 Qa7 17. Nc5 Nb4 18. Nxd7 Nxc2 19. Nxf6+ gxf6 20. Bxc2 {1-0 (20) Martin Capitan,F (2132)-Vinals Rioja,J (2022) La Pobla de Lillet 2008}) 10. O-O Bb4 (10... Qb6 $11 {keeps the balance.}) 11. Rb1 (11. Nb5 $142 Kf8 12. a3) 11... Qa3 12. Nb5 Qa5 13. Bxf6 gxf6 14. a3 Bf8 15. e4 a6 16. Nbc3 Nxd4 17. Nxd4 Qxc3 18. Qa4+ Kd8 19. Rb3 (19. exd5 $16 Bc5 20. Nc6+ bxc6 21. Qxc6) 19... Bd7 {[%emt 0:07:20] [#]} 20. Qxd7+ $1 Kxd7 21. Rxc3 e5 22. Nf5 d4 23. Rb3 Kc6 24. Rfb1 b5 $18 25. Rc1+ Kb6 26. Kf1 Bc5 27. a4 b4 28. a5+ Kxa5 29. Rxc5+ Ka4 30. Bc2 1-0

[Event "TUR-ch Youth U14 2019"]
[Site "Belek"]
[Date "2019.01.21"]
[Round "2"]
[White "Guler, Muhammed Talha"]
[Black "Turk, Sarp"]
[Result "1-0"]
[ECO "B20"]
[WhiteElo "1816"]
[BlackElo "1569"]
[Annotator "NA RC"]
[PlyCount "67"]
[EventDate "2019.01.20"]
[EventType "swiss"]
[EventCountry "TUR"]
[SourceTitle "playchess.com"]
[Source "ChessBase"]
[SourceQuality "1"]
[TimeControl "5400+30"]

1. e4 c5 2. c4 e5 3. Nc3 Ne7 {[%emt 0:01:00] B20: Sicilian: Unusual White 2nd moves} (3... Nc6 4. d3 d6 5. a3 Be7 6. Rb1 a5 7. g3 f5 8. Bh3 fxe4 9. Nxe4 Nf6 10. Bxc8 {½-½ (10) Savchenko,B (2583)-Kurnosov,I (2566) Sochi 2007}) 4. g3 g6 5. Bg2 Bg7 6. Nge2 O-O $146 ({Predecessor:} 6... Nbc6 7. O-O O-O 8. d3 d6 9. Be3 Be6 10. Nd5 f5 11. f4 fxe4 12. dxe4 Kh8 13. fxe5 Rxf1+ 14. Qxf1 Nxe5 15. Bg5 Bxd5 16. cxd5 h6 17. Bf6 Qf8 18. Bxg7+ Qxg7 {1-0 (29) Srihari,L (1927)-Shuban,S (1966) Kolkata 2018}) 7. O-O f5 8. d3 h6 9. Be3 d6 10. Qd2 Kh7 11. f4 Nbc6 12. Nd5 Nd4 13. Rae1 Nec6 (13... Nxd5 $11 14. exd5 b6) 14. b4 cxb4 15. Bxd4 exd4 16. Nxb4 Qa5 17. Rb1 fxe4 18. Bxe4 Bf5 19. Bxf5 Rxf5 20. g4 Rf7 $1 21. Ng3 $11 Raf8 22. f5 g5 23. Ne4 Be5 24. Nd5 Qxd2 25. Nxd2 Ne7 26. Nc7 Nc6 27. Ne6 Re8 28. Ne4 Nd8 29. Nxd8 Rxd8 30. h4 Bf4 31. hxg5 hxg5 32. Rxf4 gxf4 33. Ng5+ Kg7 34. Ne6+ 1-0

[Event "TUR-ch Youth U14 2019"]
[Site "Belek"]
[Date "2019.01.21"]
[Round "2"]
[White "Tokat, Nehir"]
[Black "Hoser, Buse"]
[Result "1-0"]
[ECO "E81"]
[WhiteElo "1665"]
[BlackElo "1317"]
[Annotator "NA"]
[PlyCount "111"]
[EventDate "2019.01.20"]
[EventType "swiss"]
[EventCountry "TUR"]
[SourceTitle "playchess.com"]
[Source "ChessBase"]
[SourceQuality "1"]
[TimeControl "5400+30"]

1. d4 Nf6 2. c4 g6 3. Nc3 Bg7 4. e4 d6 5. f3 O-O 6. Be3 c5 7. Nge2 Nc6 8. dxc5 dxc5 9. Qxd8 Rxd8 10. Bxc5 Nd7 11. Ba3 Nde5 12. Nf4 Bh6 13. Nfd5 e6 14. Ne7+ Kh8 15. Nxc6 bxc6 16. Be7 Nd3+ 17. Bxd3 Rxd3 18. Bf6+ Bg7 19. Bxg7+ Kxg7 20. Rd1 Rxd1+ 21. Kxd1 Bb7 22. Ke2 Rd8 23. Rd1 Rxd1 24. Nxd1 Kf6 25. b4 Ke5 26. Kd3 f5 27. exf5 exf5 28. Nc3 g5 29. h3 h5 30. Ne2 a6 31. a4 h4 32. Ke3 Bc8 33. Nd4 Bd7 34. b5 cxb5 35. cxb5 axb5 36. axb5 Kd5 37. Kd3 Kc5 38. Ke3 Kd5 39. Kd3 Kc5 40. Ke3 Kd5 41. b6 Bc8 42. Kd3 f4 43. Kc3 Ba6 44. Nb3 Kc6 45. Nd4+ Kd5 46. Nc2 Bb7 47. Kb4 Kc6 48. Nd4+ Kd6 49. Nb3 Kd7 50. Nc5+ Kc6 51. Nxb7 Kxb7 52. Kc5 Kb8 53. Kd5 Kb7 54. Ke5 Kxb6 55. Kf5 Kc6 56. Kxg5 1-0

[Event "TUR-ch Youth U14 2019"]
[Site "Belek"]
[Date "2019.01.21"]
[Round "2"]
[White "Sinay, Ahmet"]
[Black "Caberoglu, Arda"]
[Result "1-0"]
[ECO "B10"]
[WhiteElo "1535"]
[BlackElo "1962"]
[Annotator "NA RC"]
[PlyCount "131"]
[EventDate "2019.01.20"]
[EventType "swiss"]
[EventCountry "TUR"]
[SourceTitle "playchess.com"]
[Source "ChessBase"]
[SourceQuality "1"]
[TimeControl "5400+30"]

1. e4 c6 2. d3 d5 3. Nd2 Nd7 4. Ngf3 e6 5. g3 Bc5 6. d4 Be7 7. Bg2 dxe4 8. Nxe4 Ngf6 9. Nfd2 (9. Nxf6+ $16 Nxf6 10. O-O) 9... O-O 10. O-O e5 11. dxe5 Nxe5 12. Re1 Ng6 13. Nxf6+ Bxf6 14. Ne4 Qxd1 15. Nxf6+ gxf6 16. Rxd1 Bf5 17. c3 Kg7 18. f4 Rfe8 19. Bf3 Be4 20. Kf2 Bxf3 21. Kxf3 Ne7 22. Rd7 Nd5 23. Rxb7 Re1 24. c4 Nb6 25. b3 Rae8 26. Bb2 R1e3+ 27. Kg4 Re2 28. Bd4 Rxh2 29. Rxa7 Nc8 30. Rd7 Ree2 31. Bc5 Kg6 32. Rad1 h5+ 33. Kf3 Rc2 34. a3 h4 35. Be3 Rh3 36. Bf2 hxg3 37. Bxg3 Kf5 38. R7d3 Ne7 39. R1d2 Rc1 40. Rh2 Rxh2 41. Bxh2 Rf1+ 42. Ke2 Ra1 43. a4 Ng6 44. Rd1 Ra2+ 45. Rd2 Ra3 46. Rb2 Nxf4+ 47. Kd2 Ke4 (47... Ne6 $16) 48. Kc3 c5 49. Rf2 Ne6 50. Kb2 Ke3 51. Rxf6 Rxb3+ 52. Kxb3 Nd4+ 53. Kb2 Kd3 54. Bg1 Kxc4 55. Bxd4 cxd4 56. Rxf7 Kd3 57. Rd7 Ke3 58. a5 d3 59. a6 d2 60. a7 Ke2 61. a8=Q d1=Q 62. Qe4+ Kf2 63. Rxd1 Kg3 64. Qf5 Kh4 65. Qg6 Kh3 66. Rh1# 1-0

[Event "TUR-ch Youth U14 2019"]
[Site "Belek"]
[Date "2019.01.21"]
[Round "2"]
[White "Celik, Muhammed Yusuf"]
[Black "Danaci, Ege"]
[Result "0-1"]
[ECO "A54"]
[WhiteElo "1488"]
[BlackElo "2143"]
[Annotator "NA"]
[PlyCount "90"]
[EventDate "2019.01.20"]
[EventType "swiss"]
[EventCountry "TUR"]
[SourceTitle "playchess.com"]
[Source "ChessBase"]
[SourceQuality "1"]
[TimeControl "5400+30"]

1. d4 Nf6 2. c4 d6 3. Nc3 Nbd7 4. Nf3 e5 5. e3 Be7 6. Be2 O-O 7. O-O c6 8. a3 {[%emt 0:02:30] A54: Old Indian Defence with Nf3, but without e4} (8. Rb1 Re8 9. b4 a6 10. a3 Bf8 11. Bb2 exd4 12. Nxd4 Ne5 13. Qc2 Bd7 14. Nf3 Nxf3+ 15. Bxf3 Bg4 {½-½ (26) Malakhatko,V (2576)-Raetsky,A (2442) Abu Dhabi 2010}) 8... Qc7 $146 ({Predecessor:} 8... a5 9. Rb1 e4 10. Nd2 d5 11. f3 exf3 12. Bxf3 dxc4 13. Nxc4 Nb6 14. Ne5 Be6 15. e4 Nc4 16. Nxc4 Bxc4 {1-0 (52) Hansen,S (2041)-Koellner,F (1815) Helsingor 2018}) 9. b3 Re8 10. Bb2 Bf8 11. Rc1 g6 12. Re1 Bh6 13. Ra1 Nf8 14. Nd2 Bg7 15. Rc1 exd4 16. exd4 Ne6 17. Nf3 Nf4 18. Bf1 Bg4 19. Rxe8+ Rxe8 20. h3 Bf5 21. Kh2 Qd7 22. Ne1 Bh6 23. Ra1 Ne4 (23... d5 $15) 24. Nxe4 Bxe4 25. Bc1 Qf5 ({Better is} 25... g5 $11) 26. Qg4 Qf6 27. Be3 g5 28. Bxf4 (28. g3 $11 Bf5 29. Qd1) 28... Qxf4+ 29. Qxf4 gxf4 30. Nf3 Bg7 31. Re1 Kf8 32. d5 cxd5 33. Ng5 (33. Rd1 $17) 33... h6 34. Nxe4 dxe4 35. g3 f3 36. h4 Bd4 37. Kg1 a5 38. Rd1 Bc5 39. b4 axb4 40. axb4 Bxb4 41. Rb1 Bc5 42. Rxb7 (42. Re1 {was worth a try.}) 42... Ra8 $19 43. Rc7 Ra2 44. Rc6 Bxf2+ 45. Kh2 e3 0-1

[Event "TUR-ch Youth U14 2019"]
[Site "Belek"]
[Date "2019.01.21"]
[Round "2"]
[White "Tanir, Simay"]
[Black "Tikvesli, Ceylin"]
[Result "0-1"]
[ECO "D36"]
[WhiteElo "1333"]
[BlackElo "1677"]
[Annotator "NA"]
[PlyCount "110"]
[EventDate "2019.01.20"]
[EventType "swiss"]
[EventCountry "TUR"]
[SourceTitle "playchess.com"]
[Source "ChessBase"]
[SourceQuality "1"]
[TimeControl "5400+30"]

1. d4 Nf6 2. c4 e6 3. Nc3 d5 4. cxd5 exd5 5. Bg5 Be7 6. e3 c6 7. Bd3 Nbd7 8. Qc2 h6 9. Bf4 O-O 10. Nf3 a5 11. O-O Nh5 12. Be5 Nxe5 13. Nxe5 Nf6 14. Na4 Bd6 15. f4 Ng4 16. Rf3 Nxe5 17. fxe5 Be7 18. Nc5 b6 19. Na4 Bd7 20. e4 Rc8 21. Ba6 Rb8 22. exd5 cxd5 23. Nc3 Bc6 24. Qe2 Bb4 25. Bd3 Bxc3 26. bxc3 b5 27. e6 Qe7 28. exf7+ Rxf7 29. Rxf7 Qxf7 30. Rf1 Qe8 31. Qf3 Rb7 32. Qf5 g6 33. Qxg6+ Qxg6 34. Bxg6 Kg7 35. Bc2 b4 36. Rf3 a4 37. cxb4 Rxb4 38. Rg3+ Kf7 39. Rg6 Rc4 40. Bf5 Bd7 41. Bd3 Rxd4 42. Rg3 Rb4 43. Rf3+ Ke7 44. Re3+ Kd6 45. Kf2 d4 46. Re2 Be6 47. Kf3 a3 48. Ke4 Bd5+ 49. Kf5 Rb2 50. Rxb2 axb2 51. a4 Bxg2 52. a5 Bf1 53. Bb1 d3 54. a6 Kc7 55. Ba2 Kb6 0-1

[Event "TUR-ch Youth U14 2019"]
[Site "Belek"]
[Date "2019.01.21"]
[Round "2"]
[White "Nural, Polen"]
[Black "Kara, Gulce Nehir"]
[Result "0-1"]
[ECO "D37"]
[WhiteElo "1248"]
[BlackElo "1702"]
[Annotator "NA"]
[PlyCount "54"]
[EventDate "2019.01.20"]
[EventType "swiss"]
[EventCountry "TUR"]
[SourceTitle "playchess.com"]
[Source "ChessBase"]
[SourceQuality "1"]
[TimeControl "5400+30"]

1. d4 d5 2. c4 e6 3. Nc3 Nf6 4. Nf3 Be7 5. Bf4 a6 6. cxd5 exd5 7. e3 Bf5 8. Be2 O-O 9. O-O Re8 10. h3 h6 11. Rc1 c6 12. Na4 Nbd7 13. a3 Ne4 14. b4 a5 15. Nc5 axb4 16. axb4 Qb6 17. Nxd7 Bxd7 18. Ne5 Be6 19. f3 Nd6 20. Rb1 Ra2 21. Bd3 Rea8 22. Bg3 Nc4 23. Bxc4 dxc4 24. Be1 R8a4 25. e4 Bxb4 26. f4 f5 27. Bxb4 Rxb4 0-1

[Event "TUR-ch Youth U14 2019"]
[Site "Belek"]
[Date "2019.01.21"]
[Round "3"]
[White "Danaci, Ege"]
[Black "Yagci, Yusuf Batin"]
[Result "1-0"]
[ECO "B24"]
[WhiteElo "2143"]
[BlackElo "1635"]
[Annotator "NA"]
[PlyCount "99"]
[EventDate "2019.01.20"]
[EventType "swiss"]
[EventCountry "TUR"]
[SourceTitle "playchess.com"]
[Source "ChessBase"]
[SourceQuality "1"]
[TimeControl "5400+30"]

1. e4 c5 2. Nc3 Nc6 3. g3 g6 4. Bg2 Bg7 5. d3 e6 6. Be3 Nd4 7. Nce2 d6 8. c3 Nc6 {[%emt 0:01:30] B24: Closed Sicilian: 3 g3 sidelines} 9. d4 cxd4 10. Nxd4 a6 11. Nge2 Nge7 12. O-O O-O 13. f4 $146 ({Predecessor:} 13. Qc2 Qc7 14. Rad1 Nxd4 15. Nxd4 e5 16. Nf3 {0-1 (32) Mork,K (2345)-Becerra Rivero,J (2485) Linares 1999}) 13... Qc7 14. Nxc6 bxc6 15. Nd4 Rb8 16. Qd2 Rd8 17. Rad1 a5 18. Rf2 c5 19. Nb3 Ba6 20. Qe1 a4 21. Nc1 a3 22. bxa3 Qa5 (22... Bc4 $17) 23. e5 Nf5 24. Nb3 Qxa3 25. Bc1 Qa4 26. exd6 Rxb3 27. axb3 Qxb3 28. d7 Bxc3 29. Rf3 Bxe1 30. Rxb3 Bb4 31. Bb2 Bb5 32. g4 Nh6 33. Bf6 Rxd7 34. Rxd7 Bxd7 35. Rd3 Nxg4 36. Ba1 c4 37. Rxd7 Bc5+ 38. Kf1 Ne3+ 39. Ke2 Nxg2 40. Rd8+ Bf8 41. Be5 g5 42. fxg5 Nh4 43. Bd6 Ng6 44. h4 Kg7 45. h5 h6 46. gxh6+ Kxh6 47. hxg6 Bxd6 48. gxf7 Kg7 49. Rxd6 Kxf7 50. Rc6 1-0